 Dungeon Crawl Stone Soup version 0.31-a0-845-g9abc20d24f (webtiles) character file.

Game seed: 3111755148843855022

1 Bravepunisher the Ducker (level 1, -7/11 HPs)
             Began as a Spriggan Monk on Oct 2, 2023.
             Killed from afar by a white imp (10 damage)
             ... with a puff of frost
             ... on level 5 of the Dungeon.
             The game lasted 00:02:17 (417 turns).

Bravepunisher the Ducker (Spriggan Monk)             Turns: 417, Time: 00:02:18

Health: -7/11      AC:  2    Str:  7    XL:     1   Next: 16%
Magic:  2/2        EV: 18    Int: 11    God:
Gold:   9          SH:  0    Dex: 17    Spells: 0/0 levels left

rFire   . . .        a - +0 short sword
rCold   . . .        (no shield)
rNeg    . . .        b - +0 robe
rPois   .            (helmet restricted)
rElec   .            (no cloak)
rCorr   .            (gloves unavailable)
SInv    +            (boots unavailable)
Will    .....        (no amulet)
Stlth   ++           g - +4 ring of slaying
HPRegen 0.21/turn    (no ring)
MPRegen 0.08/turn

%: no passive effects
@: very quick
A: very small, no large weapons, unfitting armour, see invisible, speed 3
a: no special abilities


You were on level 5 of the Dungeon.
You visited 1 branch of the dungeon, and saw 6 of its levels.

You collected 9 gold pieces.

Inventory:

Hand Weapons
 a - a +0 short sword (weapon)
Armour
 b - a +0 robe (worn)
Jewellery
 g - a +4 ring of slaying (left hand)
Scrolls
 e - a scroll of identify {unknown}
 f - a scroll of amnesia {unknown}
Potions
 c - a potion of ambrosia
 d - a potion of mutation {unknown}
 h - a potion of degeneration {unknown}


   Skills:
 * Level 2.4 Fighting
 - Level 3.2 Short Blades
 + Level 4.0 Dodging


You couldn't memorise any spells.
You didn't know any spells.
Your spell library was empty.

Dungeon Overview and Level Annotations

Branches:
Dungeon (6/15)
 Temple: D:4-7

Altars:
Gozag
Qazlal

Annotations:
D:4 1 transporter
D:5 1 runed translucent door, TheScarfBastard's ghost, novice MiBe


Innate Abilities, Weirdness & Mutations

You are very small and have problems with some larger weapons.
You are too small for most types of armour.
You have supernaturally acute eyesight. (SInv)
You cover ground extremely quickly. (Speed+++)


Message History

The orc shouts!
Found a quarterstaff.
The orc complains loudly, in orcish tradition.
You see here a +0 quarterstaff.
Found a short sword.
The hound stops to sniff the ground.
The orc shouts!
The jackal closely misses you.
Found a scroll labelled COUTIR ZIEBE.
Found a scroll labelled HEEZXUUCUM and a ring mail.
The ball python hisses angrily.
Found a stone staircase leading down.
There is a stone staircase leading down here.
You climb downwards.
Found 18 gold pieces.
There is a stone staircase leading up here.
Found an opulent altar of Gozag.
Found 14 gold pieces.
Found a fuming brown potion.
An adder comes into view.
The adder hisses angrily.
A white imp comes into view.
The white imp shouts!
The white imp gestures at you. The puff of frost misses you.
Found 10 gold pieces.
The white imp gestures at you. The puff of frost misses you.
The white imp misses you.
Found a runed translucent door.
The white imp gestures at you. The puff of frost hits you!
Ouch! That really hurt!
* * * LOW HITPOINT WARNING * * *
Found a scroll labelled LUOLIO LE MERES.
TheScarfBastard's ghost turns its malevolent gaze towards you.
The white imp gestures at you. The puff of frost hits you!
Ouch! That really hurt!
You die...

#.###### #.#.#.#
#....#.....# #.#.#.#
#.###.####.# #.#.#$## #.
#.# #.#....##### #. #.#
#........... #. #.#
##########...##### #.
#.###..#.....#...##### #.
#.##...+~~~~?##....!..
##$##
#.##$@.#..W..###.#####
#...# #f##...####### #.#
#...# #.####.# ##.###.#####
#.##..<###.#
#.####...........
#..........#
#.5.##...##.#####
#..........# ###S#.###...#
#......f..######..S..#.####
####..................##
#...#########......#


You could see TheScarfBastard's ghost, an adder and a white imp.

Vanquished Creatures
  A ball python (D:1)
  A rat (D:1)
2 creatures vanquished.

Notes
Turn   | Place    | Note
-------+----------+-------------------------------------------
     0 | D:1      | Bravepunisher the Spriggan Monk began the quest for the
                  | Orb.
     0 | D:1      | Reached XP level 1. HP: 11/11 MP: 2/2
   185 | D:5      | Entered Level 5 of the Dungeon
   209 | D:6      | Found a stormy altar of Qazlal.
   251 | D:6      | Noticed a gnoll bouda
   265 | D:4      | Found a transporter.
   266 | D:4      | Noticed a hound
   281 | D:4      | Noticed an iguana
   281 | D:4      | Noticed a hound
   351 | D:5      | Noticed a sleepcap
   378 | D:5      | Found an opulent altar of Gozag.
   413 | D:5      | Found a runed translucent door.
   415 | D:5      | Noticed TheScarfBastard's ghost (novice MiBe)
   417 | D:5      | Killed from afar by a white imp

Illustrated notes

Levels and vault maps discovered:
D:1:      dpeg_arrival_more_subterranean_lakeside_camping, layout_basic
D:2:      layout_basic, shapermc_ecumenical_altar_venn
D:3:      cheibrodos_greedy_goblins, layout_rooms
D:4:      layout_cave_pools, general_overflow_altar,
          gammafunk_ghost_gnarly_gnolls
D:5:      layout_loops_ring, mainiacjoe_overflow_small_starburst, minitemple,
          mainiacjoe_overflow_boulevard, ebering_ghost_reflecting_pool,
          amcnicky_mini_pool_small, uniq_sigmund
D:6:      layout_loops_ring, mainiacjoe_overflow_24_doors, serial_shops,
          nicolae_shop_pleasant_corner_grove

Action                     || total
---------------------------++-------
  Melee: Short sword       ||     3
 Armour: Robe              ||     4
  Dodge: Dodged            ||    13

Table legend: (Time is in decaauts)
 A = Elapsed time spent in this place.
 B = Non-inter-level travel time spent in this place.
 C = Inter-level travel time spent in this place.
 D = Time resting spent in this place.
 E = Time spent auto-exploring this place.
 F = Levels seen in this place.
 G = Mean time per level.
                   A        B        C        D        E       F      G
               +--------+--------+--------+--------+--------+-----+--------+
         Total |    267 |    267 |      0 |      0 |     75 |   6 |   44.5 |
       Dungeon |    267 |    267 |      0 |      0 |     75 |   6 |   44.5 |
               +--------+--------+--------+--------+--------+-----+--------+

Top non-repeatable levels by time:
     D:1: 103 daAuts
     D:4: 56 daAuts
     D:6: 51 daAuts
     D:5: 46 daAuts
     D:2: 6 daAuts
     D:3: 4 daAuts
